 Dungeon Crawl Stone Soup version 0.29-a0-317-gd16b76e6b1 (webtiles) character file.

Game seed: 16749988056657829379

610 mopl the Twirler (level 7, -2/45 (55) HPs)
             Began as a Palentonga Gladiator on Mar 29, 2022.
             Slain by Edmund
             ... wielding a +1 dire flail of draining
              (12 damage)
             ... on level 5 of the Dungeon on Mar 30, 2022.
             The game lasted 00:06:24 (4874 turns).

mopl the Twirler (Palentonga Gladiator)             Turns: 4874, Time: 00:06:25

HP:   -2/45 (55)    AC: 15    Str: 19    XL:     7   Next: 20%
MP:   7/7           EV:  6    Int:  8    God:
Gold: 269           SH:  0    Dex: 18    Spells: 6/6 levels left

rFire   . . .      SeeInvis +   m - +1 dagger (venom)
rCold   + . .      Faith    .   (no shield)
rNeg    . . .      Spirit   .   x - +0 chain mail
rPois   .          Reflect  .   c - +0 helmet
rElec   .          Harm     .   k - scarf {+Inv}
rCorr   .          Rampage  .   (no gloves)
Will    .....                   (no barding)
Stlth   ..........              (no amulet)
HPRegen 0.15/turn               o - +6 ring of dexterity
MPRegen 0.10/turn               t - ring of protection from cold

@: heavily drained, curled up
A: large, rugged brown scales 3, see invisible, deformed body, roll 1, armoured
tail, reflexive curl
a: Rolling Charge, Evoke Invisibility


You were on level 5 of the Dungeon.
You visited 1 branch of the dungeon, and saw 5 of its levels.

You collected 269 gold pieces.

Inventory:

Hand Weapons
 a - a +0 quarterstaff
 m - a +1 dagger of venom (weapon)
 q - a +0 hunting sling
 A - a +1 falchion of flaming
Missiles
 d - 3 throwing nets
 e - a javelin
 l - 5 poisoned darts (quivered)
 r - 179 stones
Armour
 c - a +0 helmet (worn)
 k - a scarf of invisibility (worn)
 x - a +0 chain mail (worn)
Jewellery
 o - a +6 ring of dexterity (left hand)
 t - a ring of protection from cold (right hand)
Wands
 p - a wand of iceblast (8)
 s - a wand of flame (5)
Scrolls
 b - 2 scrolls of silence {unknown}
 f - 4 scrolls of teleportation {unknown}
 g - 2 scrolls of identify
 n - 2 scrolls of summoning {unknown}
 u - a scroll of immolation {unknown}
 v - 2 scrolls of enchant weapon {unknown}
 w - 2 scrolls of blinking {unknown}
 y - a scroll of vulnerability {unknown}
 B - 3 scrolls of enchant armour {unknown}
 C - 2 scrolls of magic mapping {unknown}
Potions
 h - a potion of curing
 i - a potion of berserk rage {!q}
 j - a potion of flight
 z - a potion of lignification {!q}


   Skills:
 + Level 3.6 Fighting
 * Level 5.2 Staves
 + Level 2.5 Throwing
 + Level 2.1 Armour
 + Level 3.4 Dodging
 + Level 2.0 Evocations


You had 6 spell levels left.
You didn't know any spells.
Your spell library was empty.

Dungeon Overview and Level Annotations

Branches:
Dungeon (5/15)
 Temple: D:4-7

Altars:
Fedhas
Kikubaaqudgha

Annotations:
D:4 dig
D:5 Edmund


Innate Abilities, Weirdness & Mutations

You are completely covered in rugged brown scales. (AC +3, +7% HP)
You have supernaturally acute eyesight. (SInv)
Armour fits poorly on your strangely shaped body.
You can roll at nearby foes to attack.
You have a long armoured tail.
You curl defensively after being hit. (AC +7*)


Message History

The poisoned dart completely misses Edmund.
You hear a splash.
Throw: 6 darts (poison)
Press: ? - help, Q - select action, (/) - cycle Shift-Dir - straight line, f/p - Edmund
Aim: Edmund, wielding a +1 dire flail of draining and wearing a +0 scale mail (lightly wounded, very poisoned, 66% to hit)
You throw a poisoned dart. The poisoned dart hits Edmund.
Edmund looks as sick as possible!
Edmund is lightly wounded.
You hear a splash.
You hit Edmund but do no damage.
Edmund looks as sick as possible!
Your tail-slap misses Edmund.
Edmund is lightly wounded.
You hit Edmund.
Edmund is moderately wounded.
Edmund hits you with a +1 dire flail of draining!
You feel drained.
You closely miss Edmund.
Edmund is moderately wounded.
Edmund hits you with a +1 dire flail of draining!
You feel drained.
You hit Edmund but do no damage.
Edmund is moderately wounded.
Edmund splashes around in the water.
Edmund attacks as you move away!
Edmund hits you with a +1 dire flail of draining!
You feel drained. Edmund attacks as you move away!
Edmund hits you with a +1 dire flail of draining.
* * * LOW HITPOINT WARNING * * *
You feel drained.
* * * LOW HITPOINT WARNING * * *
Edmund attacks as you move away!
Edmund hits you with a +1 dire flail of draining.
* * * LOW HITPOINT WARNING * * *
You feel drained. Edmund attacks as you move away!
Edmund hits you but does no damage.
You feel drained. Edmund attacks as you move away!
Edmund hits you with a +1 dire flail of draining!
You die...

#####≈≈≈≈###....# .. . #
≈≈≈≈≈≈≈###.....#########.#.#.#.
≈≈≈#####.#<..............#.....
####............#####.....#..#.
................# ##...........
####............# #....<.......
≈((≈.##.##.....## #.........#..
(######........####.........#
## ########.@@†#.........#
####÷....>.....# ###.^.......#
#.........# #.........#
#.........# #.........#
##.......## ##.....##


You could see Edmund (very poisoned).

Vanquished Creatures
  A water moccasin (D:5)
  An ogre (D:4)
  A howler monkey (D:5)
  A hound (D:3)
  2 jellies (D:4)
  An orc priest (D:4)
  4 orc wizards (D:4)
  Robin (D:2)
  3 adders
  4 worms
  A dart slug (D:1)
  11 orcs
  12 ball pythons
  6 bats
  6 endoplasms
  4 giant cockroaches
  13 goblins
  10 hobgoblins
  8 jackals
  8 kobolds
  4 quokkas
  A frilled lizard (D:3)
  8 rats
111 creatures vanquished.

Vanquished Creatures (others)
  A fungus (D:2)
  2 plants (D:2)
3 creatures vanquished.

Grand Total: 114 creatures vanquished

Notes
Turn   | Place    | Note
-------+----------+-------------------------------------------
     0 | D:1      | mopl the Palentonga Gladiator began the quest for the Orb.
     0 | D:1      | Reached XP level 1. HP: 17/17 MP: 1/1
   125 | D:1      | Reached XP level 2. HP: 20/23 MP: 2/2
   525 | D:1      | Reached XP level 3. HP: 16/29 MP: 3/3
  1086 | D:2      | Found a faded altar of an unknown god.
  1787 | D:2      | Reached XP level 4. HP: 32/36 MP: 4/4
  2494 | D:3      | Noticed Robin
  2686 | D:2      | Reached skill level 1 in Armour
  2782 | D:2      | Killed Robin
  2783 | D:2      | Reached skill level 4 in Staves
  2932 | D:3      | Reached XP level 5. HP: 32/42 MP: 5/5
  2957 | D:3      | Upgraded the game from 0.29-a0-315-gaf6dd05e2f to
                  | 0.29-a0-317-gd16b76e6b1
  3021 | D:3      | Reached skill level 2 in Throwing
  3227 | D:4      | Found a blossoming altar of Fedhas.
  3234 | D:4      | Reached skill level 3 in Fighting
  3234 | D:4      | Reached skill level 3 in Dodging
  3234 | D:4      | Reached skill level 1 in Evocations
  3402 | D:4      | Found an ancient bone altar of Kikubaaqudgha.
  3503 | D:4      | Reached XP level 6. HP: 32/50 MP: 6/6
  3527 | D:4      | HP: 2/50 [orc/+1 falchion of flaming (2)]
  4656 | D:5      | Entered Level 5 of the Dungeon
  4677 | D:5      | Noticed a water moccasin
  4681 | D:5      | Killed a water moccasin
  4682 | D:5      | Reached skill level 5 in Staves
  4682 | D:5      | Reached skill level 2 in Armour
  4682 | D:5      | Gained mutation: You curl defensively after being hit. (AC
                  | +7*) [Palentonga growth]
  4682 | D:5      | Reached XP level 7. HP: 55/55 MP: 7/7
  4689 | D:5      | Reached skill level 2 in Evocations
  4818 | D:5      | Noticed Edmund
  4874 | D:5      | Slain by Edmund

Illustrated notes

Levels and vault maps discovered:
D:1:      amcnicky_arrival_feature_with_door, layout_rooms
D:2:      layout_basic, shapermc_ecumenical_altar_mp_urbaneastern
D:3:      layout_rooms, minmay_pentomino_pile, uniq_robin
D:4:      cheibrodos_quashed, layout_basic, mainiacjoe_overflow_alcove_2,
          mainiacjoe_overflow_24_doors, kennysheep_generic_room_13
D:5:      layout_rooms, minmay_temple_entry_stoned_glass, nrook_pool_corridor,
          chequers_serial_rivers_large_b, minmay_misc_feat_four_crosses,
          uniq_eustachio, uniq_edmund

Skill      XL: |  1  2  3  4  5  6  7 |
---------------+----------------------+-----
Armour         | 1 2 |  2.1
Staves         | 4 5 |  5.2
Throwing       | 2 |  2.5
Fighting       | 3 |  3.6
Dodging        | 3 |  3.4
Evocations     | 1 2 |  2.0

Action                   |  1- 3 |  4- 6 |  7- 9 || total
-------------------------+-------+-------+-------++-------
Melee: Quarterstaff      |    37 |       |       ||    37
       Tailslap          |    10 |    22 |     2 ||    34
       Dagger            |    78 |   164 |    32 ||   274
Throw: Dart              |       |     5 |     6 ||    11
Evoke: Wand              |       |     6 |       ||     6
  Use: Scroll            |       |     3 |       ||     3
       Potion            |       |     1 |       ||     1
Armor: Leather armour    |    35 |    34 |       ||    69
       Chain mail        |       |    34 |    28 ||    62
Dodge: Dodged            |    77 |    76 |    13 ||   166

Table legend: (Time is in decaauts)
 A = Elapsed time spent in this place.
 B = Non-inter-level travel time spent in this place.
 C = Inter-level travel time spent in this place.
 D = Time resting spent in this place.
 E = Time spent auto-exploring this place.
 F = Levels seen in this place.
 G = Mean time per level.
                   A        B        C        D        E       F      G
               +--------+--------+--------+--------+--------+-----+--------+
         Total |   4923 |   4733 |    190 |   1530 |   2226 |   5 |  984.6 |
       Dungeon |   4923 |   4733 |    190 |   1530 |   2226 |   5 |  984.6 |
               +--------+--------+--------+--------+--------+-----+--------+

Top non-repeatable levels by time:
     D:2: 1900 daAuts
     D:4: 1058 daAuts
     D:3: 944 daAuts
     D:1: 788 daAuts
     D:5: 232 daAuts
